 Dungeon Crawl Stone Soup version 0.28.0 (webtiles) character file.

Game seed: 7388111179207675513

11272 Peloso the Cleaver (level 11, -31/95 HPs)
             Began as a Minotaur Fighter on Feb 12, 2022.
             Was a High Priest of Okawaru.
             Annihilated by a boulder beetle (55 damage)
             ... on level 1 of the Lair of Beasts.
             The game lasted 00:18:36 (11678 turns).

Peloso the Cleaver (Minotaur Fighter)              Turns: 11678, Time: 00:18:36

Health: -31/95     AC: 13    Str: 25    XL:     11   Next: 47%
Magic:  9/10       EV: 12    Int:  5    God:    Okawaru [*****.]
Gold:   469        SH: 18    Dex: 19    Spells: 10/10 levels left

rFire   . . .      SeeInvis +   a - +2 scimitar (flame)
rCold   . . .      Faith    .   c - +0 kite shield
rNeg    + . .      Spirit   .   E - +5 ring mail of Recklessness {rN+ Str+3 SInv}
rPois   .          Reflect  +   (helmet restricted)
rElec   .          Harm     .   u - scarf {repulsion}
rCorr   .          Rampage  .   A - +0 pair of gloves
Will    +....                   (no boots)
Stlth   +.........              t - amulet of reflection
HPRegen 0.25/turn               p - +6 ring of dexterity
MPRegen 0.12/turn               D - ring of willpower

@: repel missiles
A: horns 2, retaliatory headbutt
a: Renounce Religion, Heroism, Finesse, Duel


You were on level 1 of the Lair of Beasts.
You worshipped Okawaru.
Okawaru was extremely pleased with you.
You visited 3 branches of the dungeon, and saw 12 of its levels.

You collected 469 gold pieces.

Inventory:

Hand Weapons
 a - a +2 scimitar of flaming (weapon)
 b - the +8 hand axe "Xovirhip" {vorpal, *Corrode Will+ MP+9 SInv}
   (You found it on level 4 of the Dungeon)

   It inflicts extra damage upon your enemies.
   MP:        It affects your magic capacity (+9).
   SInv:      It lets you see invisible.
   *Corrode:  It may corrode you when you take damage.
   Will:      It increases your willpower.
Missiles
 q - a throwing net (quivered)
Armour
 c - a +0 kite shield (worn)
 o - a +0 chain mail
 u - a scarf of repulsion (worn)
 A - a +0 pair of gloves (worn)
 E - the +5 ring mail of Recklessness (worn) {rN+ Str+3 SInv}
   (You found it on level 8 of the Dungeon)

   Str:       It affects your strength (+3).
   rN:        It protects you from negative energy.
   SInv:      It lets you see invisible.
Jewellery
 p - a +6 ring of dexterity (left hand)
 t - an amulet of reflection (around neck)
 B - a ring of resist corrosion
 D - a ring of willpower (right hand)
 J - a ring of magical power
Wands
 z - a wand of acid (13)
 M - a wand of iceblast (3)
Scrolls
 f - 3 scrolls of teleportation
 j - 3 scrolls of summoning {unknown}
 k - 2 scrolls of enchant weapon
 l - 2 scrolls of torment {unknown}
 m - 2 scrolls of fear {unknown}
 s - a scroll of blinking {unknown}
 y - a scroll of magic mapping {unknown}
 C - 2 scrolls of amnesia {unknown}
 G - a scroll of silence {unknown}
 I - a scroll of noise {unknown}
 K - a scroll of enchant armour {unknown}
 L - a scroll of brand weapon {unknown}
 N - a scroll of identify
Potions
 d - 2 potions of might
 e - 2 potions of magic
 g - a potion of cancellation {unknown}
 h - 3 potions of haste
 i - 4 potions of brilliance
 n - 2 potions of flight
 r - 2 potions of lignification {unknown}
 v - 8 potions of curing
 w - 2 potions of invisibility {unknown}
 x - a potion of mutation {unknown}
 F - 2 potions of degeneration {unknown}
Miscellaneous
 H - a box of beasts


   Skills:
 + Level 8.9 Fighting
 + Level 7.2 Long Blades
 + Level 11.5 Axes
 + Level 10.3 Armour
 + Level 4.4 Dodging
 + Level 1.7 Stealth
 + Level 11.1 Shields
 + Level 0.6 Invocations


You had 10 spell levels left.
You didn't know any spells.
Your spell library contained the following spells:

 Spells                   Type           Power      Damage    Failure   Level
 Freeze                   Ice            0%         1d3       85%         1
 Magic Dart               Conj           0%         1d3       85%         1
 Dazzling Flash           Conj/Hex       0%         N/A       99%         3
 Frozen Ramparts          Ice            0%         1d2       99%         3
 Mephitic Cloud           Conj/Pois/Air  0%         N/A       99%         3
 Portal Projectile        Hex/Tloc       0%         N/A       99%         3
 Hailstorm                Conj/Ice       0%         3d3       100%        4
 Agony                    Necr           0%         N/A       100%        5
 Blade Hands              Tmut           0%         N/A       100%        5
 Excruciating Wounds      Necr           0%         N/A       100%        5
 Silence                  Hex/Air        0%         N/A       100%        5
 Call Imp                 Summ           Unusable   N/A       N/A         2

Dungeon Overview and Level Annotations

Branches:
Dungeon (10/15)            Temple (1/1) D:6            Lair (1/6) D:9
    Orc: D:9-12

Altars:
Okawaru
Ru
Xom
Zin

Annotations:
D:7 2 transporters, hitsuchi's ghost, novice DrTm


Innate Abilities, Weirdness & Mutations

You have a pair of horns on your head.
You reflexively headbutt those who attack you in melee.


Message History

You headbutt the boulder beetle, but do no damage.
The boulder beetle is heavily wounded.
You block the boulder beetle's attack.
You hit the boulder beetle but do no damage.
The boulder beetle is heavily wounded.
You block the boulder beetle's attack.
You hit the boulder beetle. You burn the boulder beetle.
You headbutt the boulder beetle!
The boulder beetle is severely wounded.
The boulder beetle leaps!
The boulder beetle curls into a ball and begins rolling!
You gain the combat prowess of a mighty hero.
You block the boulder beetle's attack.
The boulder beetle stops rolling and uncurls.
You hit the boulder beetle but do no damage.
The boulder beetle is severely wounded.
The boulder beetle leaps!
The boulder beetle curls into a ball and begins rolling!
You block the boulder beetle's attack.
The boulder beetle stops rolling and uncurls.
You barely miss the boulder beetle. You headbutt the boulder beetle!
The boulder beetle is severely wounded.
You hit the boulder beetle. You burn the boulder beetle.
You headbutt the boulder beetle, but do no damage.
The boulder beetle is severely wounded.
You block the boulder beetle's attack.
You hit the boulder beetle. You burn the boulder beetle.
You headbutt the boulder beetle, but do no damage.
The boulder beetle is almost dead.
The boulder beetle bites you!
* * * LOW HITPOINT WARNING * * *
You hit the boulder beetle but do no damage.
The boulder beetle is almost dead.
You feel like a meek peon again.
The boulder beetle leaps!
The boulder beetle curls into a ball and begins rolling!
You see here a water moccasin corpse.
You feel better. The boulder beetle hits you!!!
Ouch! That really hurt!
You die...

$≈. #^#......#...#... ..≈
##........#...#... .≈.≈
#P........#...#... #≈.≈
##........#...#...
.#...#####..#......#.......
.....>#P#.#.#..####....#...
.......................#...
........†..B...........####
..##P####.@#○....... ......
###....##P..##### ......
##..÷...##.B.# #......
##...###..#..## #[...##
#..)○..)..#..# #..##
#........##..# #..# ##
#..h..÷......### ..#
#..###. ##.....##.##..$#
..# #...... ###.##
#..#####.. #......


You could see a boulder beetle (rolling).

Vanquished Creatures
  A hydra (Lair:1)
  Erica (D:10)
  An ugly thing (D:9)
  A centaur zombie (D:10)
  Psyche (D:8)
  2 komodo dragons
  4 polar bears (Lair:1)
  2 trolls
  3 meliai
  3 wyverns
  9 yaks
  4 steam dragons
  3 water moccasins (Lair:1)
  3 orc warriors
  2 ogres
  5 black bears
  3 ice beasts
  A necrophage (D:6)
  4 centaurs
  2 bullfrogs
  A gnoll sergeant (D:7)
  6 scorpions
  A wyvern zombie (D:6)
  15 killer bees
  4 wights (D:8)
  4 howler monkeys
  2 hounds
  A gnoll shaman (D:6)
  5 orc priests
  A bullfrog zombie (D:6)
  2 jellies
  2 bullfrog skeletons (D:6)
  A centaur skeleton (D:7)
  4 iguanas
  5 orc wizards
  A hound skeleton (D:5)
  A howler monkey zombie (D:7)
  14 gnolls
  7 adders
  2 white imps (D:7)
  2 dart slugs (D:1)
  27 orcs
  12 endoplasms
  6 giant cockroaches
  11 goblins
  9 hobgoblins
  5 jackals (D:1)
  3 quokkas
  4 ball pythons
  12 bats
  4 frilled lizards
  10 kobolds
  A rat (D:2)
240 creatures vanquished.

Vanquished Creatures (others)
  An orc warrior (D:10)
  3 gnolls (D:7)
  2 orcs (D:10)
  16 fungi (D:6)
  20 plants
42 creatures vanquished.

Grand Total: 282 creatures vanquished

Notes
Turn   | Place    | Note
-------+----------+-------------------------------------------
     0 | D:1      | Peloso the Minotaur Fighter began the quest for the Orb.
     0 | D:1      | Reached XP level 1. HP: 19/19 MP: 0/0
   163 | D:1      | Reached XP level 2. HP: 26/27 MP: 1/1
   323 | D:1      | Reached XP level 3. HP: 25/33 MP: 2/2
   695 | D:1      | Found a faded altar of an unknown god.
  1356 | D:3      | Reached XP level 4. HP: 12/41 MP: 3/3
  2156 | D:3      | Identified the +1 robe "Nuczoe" {Str+6 Int+4}
  2298 | D:4      | Identified the +8 hand axe "Xovirhip" {vorpal, *Corrode
                  | Will+ MP+9 SInv}
  2471 | D:4      | Reached skill level 1 in Dodging
  2596 | D:4      | Reached XP level 5. HP: 45/47 MP: 4/4
  2971 | D:4      | Noticed a black bear
  2979 | D:4      | Killed a black bear
  2980 | D:4      | Reached skill level 5 in Fighting
  2980 | D:4      | Reached skill level 1 in Axes
  2980 | D:4      | Reached XP level 6. HP: 46/56 MP: 5/5
  3657 | D:5      | Entered Level 5 of the Dungeon
  3708 | D:5      | Reached skill level 5 in Armour
  3719 | D:5      | Noticed an ice beast
  3724 | D:5      | Killed an ice beast
  3725 | D:5      | Reached skill level 5 in Long Blades
  3905 | D:5      | Reached XP level 7. HP: 55/61 MP: 6/6
  4518 | D:6      | Reached skill level 5 in Shields
  4518 | D:6      | Found a staircase to the Ecumenical Temple.
  4521 | D:6      | Noticed a steam dragon
  4531 | D:6      | Killed a steam dragon
  4532 | D:6      | Reached skill level 5 in Axes
  4544 | Temple   | Entered the Ecumenical Temple
  4653 | Temple   | Became a worshipper of Warmaster Okawaru
  4682 | D:6      | Reached XP level 8. HP: 66/70 MP: 7/7
  4746 | D:6      | Reached * piety under Okawaru
  5855 | D:6      | Reached ** piety under Okawaru
  5856 | D:6      | Reached XP level 9. HP: 34/78 MP: 8/8
  6230 | D:7      | Noticed hitsuchi's ghost (novice DrTm)
  6260 | D:7      | Noticed a deep elf pyromancer
  6260 | D:7      | Identified the ring "Zeratappi" {MP+9 Str+3}
  6263 | D:7      | Noticed a two-headed ogre
  6348 | D:7      | Found a transporter.
  6361 | D:7      | Found a transporter.
  7154 | D:8      | Noticed Psyche
  7162 | D:8      | Killed Psyche
  7196 | D:8      | Reached *** piety under Okawaru
  7269 | D:8      | Noticed a meliai
  7270 | D:8      | Noticed a meliai
  7271 | D:8      | Noticed a meliai
  7619 | D:7      | Killed a meliai
  7804 | D:7      | Killed a meliai
  8130 | D:8      | Reached XP level 10. HP: 76/86 MP: 9/9
  8131 | D:8      | Reached skill level 10 in Axes
  8313 | D:8      | Identified the +5 ring mail of Recklessness {rN+ Str+3
                  | SInv}
  8417 | D:9      | Noticed a green ugly thing
  8426 | D:9      | Killed a green ugly thing
  8426 | D:9      | Reached **** piety under Okawaru
  8575 | D:9      | Found a staircase to the Lair.
  9239 | D:9      | Received a gift from Okawaru
  9413 | D:9      | Reached skill level 1 in Stealth
  9942 | D:10     | Entered Level 10 of the Dungeon
  9974 | D:10     | Reached skill level 10 in Armour
 10218 | D:10     | Found a glowing silver altar of Zin.
 10240 | D:10     | Noticed Erica
 10250 | D:10     | Killed Erica
 10250 | D:10     | Reached ***** piety under Okawaru
 10251 | D:10     | Reached skill level 10 in Shields
 10677 | D:10     | Reached XP level 11. HP: 79/94 MP: 10/10
 11051 | Lair:1   | Entered Level 1 of the Lair of Beasts
 11310 | Lair:1   | Noticed a seven-headed hydra
 11314 | Lair:1   | Identified the +9 hunting sling of Scorn {venom, rC+ Dex+2}
                  | (Okawaru gifted it to you on level 1 of the Lair of Beasts)
 11314 | Lair:1   | Received a gift from Okawaru
 11318 | Lair:1   | Killed a four-headed hydra
 11633 | Lair:1   | Noticed a boulder beetle
 11678 | Lair:1   | Annihilated by a boulder beetle

Illustrated notes

Levels and vault maps discovered:
D:1:      mrwooster_arrival_statue_2, layout_basic,
          chequers_ecumenical_altar_grove, minmay_box_of_dots
D:2:      layout_rooms, minmay_misc_feat_tiny, kennysheep_boxes
D:3:      layout_basic
D:4:      layout_basic, dk_vineyard_2
D:5:      layout_basic
D:6:      old_forge, layout_basic, minmay_temple_entry_drinking_statues
D:7:      layout_loops_ring, nzn_ghost_randoct
D:8:      layout_cave_pools, uniq_psyche
D:9:      layout_stronghold, david_lair_shrubbed
D:10:     layout_basic, mainiacjoe_overflow_alcove_4, uniq_erica
Temple:   mainiacjoe_temple_circle_huts
Lair:1:   beast_lair_carwin_large_1, layout_chaotic_city,
          nzn_masters_of_martial_movement

Skill      XL: |  1  2  3  4  5  6  7  8  9 10 11 |
---------------+----------------------------------+-----
Armour         | 4 5 6 7 9 10 | 10.3
Shields        | 4 5 6 8 10 11 | 11.1
Fighting       | 4 5 6 7 8 |  8.9
Long Blades    | 3 4 5 7 |  7.2
Dodging        | 1 2 3 4 |  4.4
Axes           | 1 3 5 8 9 11 | 11.5
Stealth        | 1 |  1.7
Invocations    | |  0.6

Action                   |  1- 3 |  4- 6 |  7- 9 | 10-12 || total
-------------------------+-------+-------+-------+-------++-------
Melee: Long sword        |   105 |    32 |       |       ||   137
       Headbutt          |    19 |     9 |    53 |    62 ||   143
       Hand axe          |       |    54 |   216 |   112 ||   382
       Scimitar          |       |       |       |   164 ||   164
Invok: Heroism           |       |       |       |     5 ||     5
  Use: Scroll            |       |     4 |     3 |       ||     7
       Potion            |       |       |       |     1 ||     1
 Stab: Distracted        |       |       |       |     1 ||     1
Armor: Scale mail        |    56 |    14 |       |       ||    70
       Chain mail        |       |    14 |    61 |       ||    75
       Ring mail         |       |       |       |    70 ||    70
Dodge: Dodged            |    52 |    24 |    48 |    90 ||   214
       Repelled          |       |       |       |     4 ||     4
Block: Buckler           |    21 |       |       |       ||    21
       Kite shield       |       |    38 |   202 |   261 ||   501
       Reflection        |       |       |     6 |     1 ||     7
